 Dungeon Crawl Stone Soup version 0.27.1-34-g3ba077fa99 (webtiles) character file.

Game seed: 17178745435598902435

2 Descartes the Grasshopper (level 1, 0/9 HPs)
             Began as a Felid Warper on Jan 12, 2022.
             Slain by a gnoll (6 damage)
             ... on level 2 of the Dungeon.
             The game lasted 00:00:35 (303 turns).

Descartes the Grasshopper (Felid Warper)             Turns: 303, Time: 00:00:36

Health: 0/9        AC:  1    Str:  7    XL:     1   Next: 33%
Magic:  4/4        EV: 17    Int: 14    God:
Gold:   15         SH:  0    Dex: 15    Spells: 4/4 levels left
                                        Lives:  0   Deaths: 0

rFire    . . .     SeeInvis +     - Unarmed
rCold    . . .     Faith    .   (shield unavailable)
rNeg     . . .     Spirit   .   (armour unavailable)
rPois    .         Reflect  .   (helmet unavailable)
rElec    .         Harm     .   (cloak unavailable)
rCorr    .         Rampage  .   (gloves unavailable)
Will     .....                  (boots unavailable)
Stlth    +.........             (no amulet)
HPRegen  0.03/turn              (no ring)
MPRegen  0.09/turn              (no ring)

@: quick
A: very small, claws 1, fangs 3, see invisible, speed 1, shaggy fur 1, stealthy
paws, no weapons or thrown items, no armour, multi-lived
a: no special abilities


You were on level 2 of the Dungeon.
You visited 1 branch of the dungeon, and saw 2 of its levels.

You collected 15 gold pieces.

Inventory:

Scrolls
 a - a scroll of blinking
Potions
 b - a potion of curing {unknown}


   Skills:
 - Level 2.0 Fighting
 * Level 3.3 Dodging
 * Level 2.1 Unarmed Combat
 - Level 2.0 Spellcasting
 + Level 4.4 Translocations


You had 4 spell levels left.
You didn't know any spells.
Your spell library contained the following spells:

 Spells                   Type           Power      Damage    Failure   Level
 Blink                    Tloc           N/A        N/A       6%          2
 Gell's Gravitas          Tloc           6%         N/A       12%         3
 Lesser Beckoning         Tloc           6%         N/A       12%         3
 Teleport Other           Tloc           13%        N/A       12%         3
 Manifold Assault         Tloc           13%        N/A       71%         5


Dungeon Overview and Level Annotations

Branches:
Dungeon (2/15)

Altars:


Innate Abilities, Weirdness & Mutations

You have sharp claws.
You have razor-sharp teeth.
You have supernaturally acute eyesight. (SInv)
You cover ground quickly. (Speed+)
You are covered in fur. (AC +1)
Your paws help you pounce on unaware monsters.
You are incapable of wielding weapons or throwing items.
You cannot wear armour.
You gain extra lives every three experience levels.


Message History

The giant cockroach is severely wounded.
The giant cockroach barely misses you.
You scratch the giant cockroach.
You kill the giant cockroach!
No target in view!
No target in view!
No target in view!
No target in view!
No target in view!
No target in view!
No target in view!
No target in view!
No target in view!
No target in view!
No target in view!
No target in view!
b - a red potion An adder comes into view.
The adder moves out of view.
There is a stone staircase leading up here.
You climb upwards.
The bat closely misses you. The bat misses you.
The gnoll hits you with a +0 flail.
There is a stone staircase leading down here.
The bat misses you. The gnoll closely misses you.
You climb downwards.
There is a stone staircase leading up here.
You scratch the gnoll.
The gnoll is lightly wounded.
The gnoll barely misses you.
You scratch the gnoll.
The gnoll is heavily wounded.
The gnoll closely misses you.
You scratch the gnoll but do no damage.
The gnoll is heavily wounded.
The gnoll barely misses you.
You closely miss the gnoll.
The gnoll is heavily wounded.
The gnoll hits you with a +0 flail.
Ouch! That really hurt!
You die...

##### ## #.@.+
... #.g## ..##
######...+ ....#
#.......##.....#
#..............#
#.....†........#
#...............
#.......########
#.......#


You could see a gnoll.

Vanquished Creatures
  A ball python (D:1)
  A giant cockroach (D:2)
2 creatures vanquished.

Notes
Turn   | Place    | Note
-------+----------+-------------------------------------------
     0 | D:1      | Descartes the Felid Warper began the quest for the Orb.
     0 | D:1      | Reached XP level 1. HP: 9/9 MP: 4/4
   303 | D:2      | Slain by a gnoll

Illustrated notes

Levels and vault maps discovered:
D:1:      dpeg_arrival_fog, layout_basic, serial_shops, shop
D:2:      layout_basic, hex_medium, corexii_hall_statues_l, uniq_natasha

Action                   || total
-------------------------++-------
Melee: Unarmed           ||    18
       Bite              ||     2
Armor: Skin              ||     7
Dodge: Dodged            ||    33
